 Dungeon Crawl Stone Soup version 0.28.0-53-g5a82cb258f (webtiles) character file.

Game seed: 5998384082259338140

3876 Sin92 the Magician (level 10, -2/109 HPs)
             Began as a Demonspawn Hedge Wizard on July 11, 2022.
             Was a Believer of Sif Muna.
             Slain by Maurice
             ... wielding a +2 short sword of speed
              (9 damage)
             ... on level 8 of the Dungeon.
             The game lasted 00:36:57 (10244 turns).

Sin92 the Magician (Demonspawn Hedge Wizard)       Turns: 10244, Time: 00:36:58

Health: -2/109     AC:  7    Str: 11    XL:     10   Next: 0%
Magic:  18/18      EV: 13    Int: 15    God:    Sif Muna [**....]
Gold:   0          SH:  0    Dex: 17    Spells: 15/19 levels left

rFire   + . .      SeeInvis .   f - +9 dagger "Taurounn" {speed, *Rage rPois Stlth+}
rCold   . . .      Faith    .   (no shield)
rNeg    . . .      Spirit   .   y - +0 leather armour {rF+}
rPois   +          Reflect  .   c - +0 hat
rElec   .          Harm     .   (no cloak)
rCorr   .          Rampage  .   C - +0 pair of gloves
Will    .....      Rage     20% (no boots)
Stlth   ..........              A - amulet of regeneration
HPRegen 1.08/turn               (no ring)
MPRegen 0.16/turn               (no ring)

@: berserking, very quick
A: antennae 2, thin metallic scales 2, powered by death 2, demonic magic 1
a: Renounce Religion, Channel Magic


You were on level 8 of the Dungeon.
You worshipped Sif Muna.
Sif Muna was pleased with you.
You visited 2 branches of the dungeon, and saw 9 of its levels.

Inventory:

Hand Weapons
 a - a +0 dagger
 d - a +1 demon blade
 e - a +0 short sword of venom
 f - the +9 dagger "Taurounn" (weapon) {speed, *Rage rPois Stlth+}
   (You found it on level 2 of the Dungeon)

   Attacks with this weapon are significantly faster.
   rPois:     It protects you from poison.
   *Rage:     It berserks you when you make melee attacks (+20% chance).
   Stlth:     It makes you more stealthy.
 m - a +6 whip
Missiles
 o - 2 throwing nets
Armour
 b - a +0 robe
 c - a +0 hat (worn)
 l - a +0 scale mail
 s - the +5 plate armour of the Hills {*Slow rN+ Int+8 Stlth-}
   (You acquired it on level 5 of the Dungeon)

   Int:       It affects your intelligence (+8).
   rN:        It protects you from negative energy.
   *Slow:     It may slow you when you take damage.
   Stlth:     It makes you less stealthy.
 y - a +0 leather armour of fire resistance (worn)
 C - a +0 pair of gloves (worn)
Jewellery
 A - an amulet of regeneration (around neck)
Wands
 q - a wand of flame (37)
 v - a wand of mindburst (12)
 w - a wand of iceblast (15)
 z - a wand of paralysis (9)
 E - a wand of polymorph (4)
Scrolls
 k - 4 scrolls of identify
 r - 4 scrolls of teleportation
 B - a scroll of fear
 F - a scroll of amnesia
Potions
 g - 3 potions of attraction
 h - a potion of haste
 i - a potion of degeneration
 n - 2 potions of curing
 t - a potion of magic
 u - a potion of flight


   Skills:
 + Level 4.4 Fighting
 + Level 5.0 Short Blades
 - Level 1.1(3.3) Long Blades
 + Level 4.0 Armour
 + Level 4.5 Dodging
 + Level 4.9 Stealth
 + Level 5.4 Spellcasting
 + Level 4.8 Conjurations
 + Level 2.2 Hexes
 - Level 2.8 Summonings
 + Level 4.3 Translocations


You had 15 spell levels left.
You knew the following spells:

 Your Spells              Type           Power      Damage    Failure   Level
a - Magic Dart            Conj           72%        1d6       2%          1
b - Blink                 Tloc           34%        N/A       4%          2
c - Slow                  Hex            40%        N/A       8%          1

Your spell library contained the following spells:

 Spells                   Type           Power      Damage    Failure   Level
 Summon Small Mammal      Summ           48%        N/A       6%          1
 Call Imp                 Summ           12%        N/A       10%         2
 Gell's Gravitas          Tloc           17%        N/A       10%         3
 Lesser Beckoning         Tloc           17%        N/A       10%         3
 Teleport Other           Tloc           17%        N/A       10%         3
 Dazzling Flash           Conj/Hex       28%        N/A       14%         3
 Call Canine Familiar     Summ           12%        N/A       19%         3
 Beastly Appendage        Tmut           8%         N/A       21%         1
 Conjure Flame            Conj/Fire      11%        6-21      22%         3
 Summon Guardian Golem    Hex/Summ       11%        N/A       22%         3
 Wereblood                Tmut           4%         N/A       30%         2
 Mephitic Cloud           Conj/Pois/Air  8%         N/A       30%         3
 Spider Form              Tmut/Pois      4%         N/A       52%         3
 Silence                  Hex/Air        3%         N/A       98%         5
 Agony                    Necr           4%         N/A       99%         5


Dungeon Overview and Level Annotations

Branches:
Dungeon (8/15)             Temple (1/1) D:4
   Lair: D:8-11

Altars:
Elyvilon
Fedhas
Gozag
Hepliaklqana
Kikubaaqudgha
Makhleb
Okawaru
Sif Muna
Trog
Uskayaw
Vehumet
Wu Jian
Xom
Yredelemnul
Zin
The Shining One

Annotations:
D:7 1 runed translucent door, bnorton916's ghost, novice DEFE
D:8 Maurice


Innate Abilities, Weirdness & Mutations

You have a pair of antennae on your head.
You are mostly covered in thin metallic scales. (AC +3)
You regenerate health from kills.
Spells you cast may paralyse adjacent enemies.


Message History

You hit something. You closely miss something. Something hits you.
Something steals your 3 scrolls of blinking!
You hit something. You hit something. You hit something.
You hear some strange, mumbled words.
You hear a zap.
A bolt of acid appears from out of thin air!
The bolt of acid misses you.
You hit something.
You hear some strange, mumbled words.
Something hits you.
Something steals your +5 dagger!
You barely miss something. Something hits you.
Something steals your potion of might!
You miss something. You hit something. Something hits you!
Something steals 1 of your 3 throwing nets!
You hit something. You miss something. You hit something.
You are no longer corroded.
Something hits you!
Something steals 1 of your 2 potions of berserk rage!
You puncture something! You hit something. Something hits you!
* * * LOW HITPOINT WARNING * * *
Something steals 521 gold pieces!
You now have 0 gold pieces.
Unknown command.
A red film seems to cover your vision as you go berserk!
You feel yourself moving faster!
You feel mighty! Something hits you!
* * * LOW HITPOINT WARNING * * *
Something mutters, "Now where did you hide it?"
You hear a zap.
A bolt of acid appears from out of thin air!
The bolt of acid misses you.
You miss something. You hit something. You impale something!!
Something hits you!
You die...

#..###...#####
#####...###.##
#...........#
#.###.#.#####
#.# #.#.# #.#
#.#.# #.#
#.#.#
###.###.#.#
#..@....#.#
#.#{#####.#
#.#.# #.# #
#.# #.# ...
###


There were no monsters in sight!

Vanquished Creatures
  2 two-headed ogres (D:7)
  A wyvern (D:5)
  A steam dragon (D:8)
  2 water moccasins (D:7)
  Duvessa (D:7)
  2 necrophages
  2 sky beasts (D:7)
  A centaur (D:5)
  3 ogres
  2 phantoms
  3 bullfrogs
  2 scorpions
  A wyvern skeleton (D:5)
  Dowan (D:7)
  A howler monkey (D:6)
  3 electric eels (D:6)
  A crimson imp (D:7)
  A jelly (D:5)
  A bullfrog skeleton (D:6)
  A bullfrog zombie (D:6)
  2 orc priests
  A gnoll shaman (D:7)
  A centaur skeleton (D:7)
  2 iguanas (D:5)
  6 orc wizards
  A killer bee zombie (D:6)
  A hound skeleton (D:4)
  Robin (D:3)
  9 adders
  4 gnolls (D:7)
  A shadow imp (D:6)
  A white imp (D:7)
  An ufetubus (D:4)
  2 adder skeletons (D:4)
  2 worms (D:2)
  10 dart slugs
  21 orcs
  4 ball pythons
  10 endoplasms
  5 giant cockroaches
  11 goblins
  4 hobgoblins
  2 jackals (D:3)
  3 quokkas
  8 bats
  3 frilled lizards
  5 kobolds
  3 rats
156 creatures vanquished.

Vanquished Creatures (others)
  A dart slug (D:6)
  A fungus (D:4)
  3 plants (D:5)
5 creatures vanquished.

Grand Total: 161 creatures vanquished

Notes
Turn   | Place    | Note
-------+----------+-------------------------------------------
     0 | D:1      | Sin92 the Demonspawn Hedge Wizard began the quest for the
                  | Orb.
     0 | D:1      | Reached XP level 1. HP: 13/13 MP: 4/4
   157 | D:1      | Reached skill level 1 in Translocations
   382 | D:1      | Gained mutation: You have a pair of small antennae on your
                  | head. [demonic ancestry]
   382 | D:1      | Reached XP level 2. HP: 13/19 MP: 6/6
  1263 | D:2      | Identified the +9 dagger "Taurounn" {speed, *Rage rPois
                  | Stlth+}
  1409 | D:2      | Gained mutation: Spells you cast may paralyse adjacent
                  | enemies. [demonic ancestry]
  1409 | D:2      | Reached XP level 3. HP: 25/25 MP: 0/7
  2738 | D:3      | Gained mutation: You regenerate a little health from kills.
                  | [demonic ancestry]
  2738 | D:3      | Reached XP level 4. HP: 21/31 MP: 0/9
  3069 | D:3      | Noticed Robin
  3076 | D:3      | Killed Robin
  3079 | D:3      | Reached skill level 1 in Short Blades
  3362 | D:4      | Gained mutation: You are partially covered in thin metallic
                  | scales. (AC +2) [demonic ancestry]
  3362 | D:4      | Reached XP level 5. HP: 36/36 MP: 10/10
  3366 | D:4      | Reached skill level 1 in Armour
  3379 | D:4      | Reached skill level 1 in Fighting
  3423 | D:4      | Reached skill level 1 in Long Blades
  3446 | D:4      | Found a staircase to the Ecumenical Temple.
  3475 | Temple   | Entered the Ecumenical Temple
  3584 | Temple   | Became a worshipper of Sif Muna the Loreminder
  3765 | D:4      | Noticed an ogre
  3778 | D:4      | Killed an ogre
  3779 | D:4      | Reached XP level 6. HP: 11/43 MP: 3/11
  3974 | D:4      | Learned a level 2 spell: Blink
  3976 | D:4      | Learned a level 1 spell: Slow
  4052 | D:4      | Found a blossoming altar of Fedhas.
  4306 | D:5      | Entered Level 5 of the Dungeon
  4522 | D:5      | Reached XP level 7. HP: 49/49 MP: 8/13
  4877 | D:3      | Reached * piety under Sif Muna
  5081 | D:5      | Identified a scroll of acquirement
  5081 | D:5      | Acquired the +5 plate armour of the Hills {*Slow rN+ Int+8
                  | Stlth-}
  5126 | D:5      | Noticed a wyvern
  5135 | D:5      | Killed a wyvern
  5261 | D:5      | You fall into a shaft and drop 3 floors!
  5306 | D:8      | Noticed a steam dragon
  5322 | D:8      | Killed a steam dragon
  5323 | D:8      | Gained mutation: You regenerate health from kills. [demonic
                  | ancestry]
  5323 | D:8      | Reached XP level 8. HP: 5/57 MP: 14/14
  6042 | D:7      | Found a runed translucent door.
  6042 | D:7      | Found a shimmering altar of Xom.
  6042 | D:7      | Noticed bnorton916's ghost (novice DEFE)
  6042 | D:7      | Noticed a +2 dagger of chaos
  8732 | D:7      | Noticed a two-headed ogre
  8749 | D:7      | Killed a two-headed ogre
  8750 | D:7      | Gained mutation: You are mostly covered in thin metallic
                  | scales. (AC +3) [demonic ancestry]
  8750 | D:7      | Reached XP level 9. HP: 34/64 MP: 9/16
  9017 | D:7      | Noticed Duvessa
  9020 | D:7      | Noticed Dowan
  9034 | D:7      | Killed Duvessa
  9040 | D:7      | Killed Dowan
  9113 | D:7      | Noticed a two-headed ogre
  9141 | D:7      | Killed a two-headed ogre
  9142 | D:7      | Reached skill level 5 in Spellcasting
  9142 | D:7      | Reached skill level 1 in Hexes
  9248 | D:7      | Reached ** piety under Sif Muna
  9738 | D:7      | Noticed an angel
  9960 | D:7      | Reached skill level 5 in Short Blades
  9960 | D:7      | Gained mutation: You have a pair of antennae on your head.
                  | [demonic ancestry]
  9960 | D:7      | Reached XP level 10. HP: 73/73 MP: 18/18
 10210 | D:8      | Noticed Maurice
 10244 | D:8      | Slain by Maurice

Illustrated notes

Levels and vault maps discovered:
D:1:      dpeg_arrival_more_subterranean_lakeside_camping, layout_basic
D:2:      layout_basic
D:3:      layout_basic, uniq_robin
D:4:      layout_rooms, mainiacjoe_overflow_tiny_flanked,
          minmay_temple_entry_stoned_glass
D:5:      layout_rooms, nrook_mini_vaults, saegor_snake_ambush
D:6:      kennysheep_slugbush, layout_loops_cross, minmay_misc_feat_cross
D:7:      layout_basic, zin_angel, ebering_ghost_xom, serial_rivers,
          chequers_serial_rivers_marsh, chequers_serial_rivers_small_b,
          chequers_serial_rivers_large_b, chequers_serial_rivers_small_b,
          minmay_misc_feat_iff, grunt_ministairs_2, minmay_fire_ice_demons,
          uniq_duvessa
D:8:      layout_loops_ring, lair_entry_dummy, uniq_maurice
Temple:   mainiacjoe_temple_bowtie_tessellation

Skill      XL: |  1  2  3  4  5  6  7  8  9 |
---------------+----------------------------+-----
Translocations | 1 2 3 4 |  4.3
Stealth        | 2 3 4 |  4.9
Dodging        | 2 3 4 |  4.5
Short Blades   | 1 2 3 4 5 |  5.0
Armour         | 1 2 3 4 |  4.0
Fighting       | 1 2 3 4 |  4.4
Long Blades    | 1 |  1.1
Conjurations   | 2 3 4 |  4.8
Summonings     | 2 |  2.8
Spellcasting   | 4 5 |  5.4
Hexes          | 2 |  2.2

Action                   |  1- 3 |  4- 6 |  7- 9 | 10-12 || total
-------------------------+-------+-------+-------+-------++-------
Melee: Dagger            |    26 |    94 |   267 |    18 ||   405
       Short sword       |     8 |       |       |       ||     8
       Demon blade       |    13 |       |       |       ||    13
       Punch             |       |     2 |     6 |       ||     8
 Cast: Magic Dart        |    60 |    27 |    82 |       ||   169
       Slow              |       |     9 |    37 |     3 ||    49
  Use: Scroll            |     6 |     5 |     2 |       ||    13
       Potion            |     1 |     2 |     1 |     1 ||     5
 Stab: Sleeping          |     4 |     3 |     3 |       ||    10
       Paralysed         |       |     1 |     5 |       ||     6
Armor: Robe              |     9 |    14 |    12 |       ||    35
       Plate armour      |       |       |    25 |       ||    25
       Scale mail        |       |       |     5 |       ||     5
       Leather armour    |       |       |    24 |       ||    24
Dodge: Dodged            |    37 |    28 |    95 |     2 ||   162
